ESL (28 & UNDER)
INTERCOURSE AMISH @ KINGSTON IGUANAS
04/14/2030
 
TOP OF THE 1ST
Intercourse Amish batting - Pitching for Kingston Iguanas : RHP Josh Young
Pitching: RHP Josh Young
Batting: LHB Jesús Raugel 0-0: Ball
1-0: Swinging Strike
1-1: Ball
2-1: Foul Ball, location: 2F
2-2: Strikes out swinging
Batting: RHB Holden Davis 0-0: Called Strike
0-1: Fly out, F7 (Line Drive, 7LM)
Batting: RHB Júlio Serra 0-0: Called Strike
0-1: Ball
1-1: Called Strike
1-2: Foul Ball, location: 2F
1-2: Foul Ball, location: 2F
1-2: Fly out, F9 (Line Drive, 89M)
Top of the 1st over - 0 runs, 0 hits, 0 errors, 0 left on base; Intercourse 0 - Kingston 0
BOTTOM OF THE 1ST
Kingston Iguanas batting - Pitching for Intercourse Amish : RHP Harry Robinson
Pitching: RHP Harry Robinson
Batting: RHB Argan Kamuliva 0-0: Ball
1-0: Called Strike
1-1: Ball
2-1: Swinging Strike
2-2: Ball
3-2: Base on Balls
Batting: RHB Bob Lee 0-0: Called Strike
0-1: Ball
Argan Kamuliva is caught stealing 2nd base
1-1: Called Strike
1-2: Ground out 4-3 (Groundball, 34D)
Batting: LHB Gustavo Gómez 0-0: Ball
1-0: Called Strike
1-1: Swinging Strike
1-2: Foul Ball, location: 2F
1-2: Ball
2-2: Foul Ball, location: 2F
2-2: Foul Ball, location: 2F
2-2: Ball
3-2: Foul Ball, location: 2F
3-2: Foul Ball, location: 2F
3-2: SINGLE (Groundball, 3D)
Batting: LHB Jon Quinn 0-0: Ball
1-0: SINGLE (Flyball, 89S)
Gustavo Gómez to second
Runner from 2nd tries for 3rd, SAFE, no throw
Batting: RHB Matt Rodríguez 0-0: Ball
1-0: SINGLE (Groundball, 6MD)
Gustavo Gómez scores
Jon Quinn to second
Runner from 2nd tries for 3rd, SAFE, no throw
Batting: LHB Henry Durham 0-0: Ball
1-0: Fly out, F7 (Flyball, 7S)
Bottom of the 1st over - 1 run, 3 hits, 0 errors, 2 left on base; Intercourse 0 - Kingston 1
TOP OF THE 2ND
Intercourse Amish batting - Pitching for Kingston Iguanas : RHP Josh Young
Batting: LHB Bruce Foster 0-0: Ball
1-0: Foul Ball, location: 2F
1-1: Ball
2-1: SOLO HOME RUN (Line Drive, 9D), Distance : 386 ft
Batting: RHB Frank Maxwell 0-0: Called Strike
0-1: Foul Ball, location: 2F
0-2: Ball
1-2: Ball
2-2: Strikes out looking
Batting: SHB Conan Hanson 0-0: Swinging Strike
0-1: Fly out, F7 (Flyball, 7S)
Batting: LHB Carlos De La Rosa 0-0: Ball
1-0: Fly out, F4 (Line Drive, 4)
Top of the 2nd over - 1 run, 1 hit, 0 errors, 0 left on base; Intercourse 1 - Kingston 1
BOTTOM OF THE 2ND
Kingston Iguanas batting - Pitching for Intercourse Amish : RHP Harry Robinson
Batting: RHB Manuel Gómez 0-0: Called Strike
0-1: Called Strike
0-2: Foul Ball, location: 2F
0-2: Ball
1-2: Strikes out swinging
Batting: RHB Sergio Mata 0-0: Called Strike
0-1: Ball
1-1: Ball
2-1: Fly out, F7 (Flyball, 78XD)
Batting: RHB Cristián López 0-0: Ground out 5-3 (Groundball, 5)
Bottom of the 2nd over - 0 runs, 0 hits, 0 errors, 0 left on base; Intercourse 1 - Kingston 1
TOP OF THE 3RD
Intercourse Amish batting - Pitching for Kingston Iguanas : RHP Josh Young
Batting: RHB Juan Ortega 0-0: Ball
1-0: Called Strike
1-1: Ball
2-1: Ball
3-1: Called Strike
3-2: Base on Balls
Batting: RHB Curt Wagner 0-0: Swinging Strike
0-1: Swinging Strike
0-2: Strikes out looking
Batting: LHB Jesús Raugel 0-0: Ball
1-0: Fielders Choice at 2nd, 6-4 (Groundball, 6D)
Batting: RHB Holden Davis 0-0: Ball
Jesús Raugel steals 2nd base
1-0: Swinging Strike
1-1: Swinging Strike
1-2: Ground out 1-3 (Groundball, P)
Top of the 3rd over - 0 runs, 0 hits, 0 errors, 1 left on base; Intercourse 1 - Kingston 1
BOTTOM OF THE 3RD
Kingston Iguanas batting - Pitching for Intercourse Amish : RHP Harry Robinson
Batting: RHB Argan Kamuliva 0-0: Ball
1-0: Ball
2-0: Ball
3-0: Base on Balls
Batting: RHB Bob Lee 0-0: Ball
1-0: Ball
2-0: Ball
3-0: Base on Balls
Argan Kamuliva to second
Batting: LHB Gustavo Gómez 0-0: Called Strike
0-1: Fly out, F7 (Flyball, 7LS)
Batting: LHB Jon Quinn 0-0: Ball
1-0: Called Strike
1-1: Ball
Argan Kamuliva steals 3rd base
Bob Lee to second
2-1: Foul Ball, location: 2F
2-2: Ball
3-2: Foul Ball, location: 2F
3-2: Fly out, F8 (Flyball, 8RS)
Runner from 3rd tags up, SCORES, no throw
Batting: RHB Matt Rodríguez 0-0: Ball
1-0: Called Strike
1-1: Foul Ball, location: 2F
1-2: Strikes out looking
Bottom of the 3rd over - 1 run, 0 hits, 0 errors, 1 left on base; Intercourse 1 - Kingston 2
TOP OF THE 4TH
Intercourse Amish batting - Pitching for Kingston Iguanas : RHP Josh Young
Batting: RHB Júlio Serra 0-0: Swinging Strike
0-1: Ball
1-1: Ball
2-1: Fly out, F4 (Popup, 4)
Batting: LHB Bruce Foster 0-0: Called Strike
0-1: Fly out, F7 (Flyball, 7S)
Batting: RHB Frank Maxwell 0-0: Called Strike
0-1: Called Strike
0-2: Strikes out swinging
Top of the 4th over - 0 runs, 0 hits, 0 errors, 0 left on base; Intercourse 1 - Kingston 2
BOTTOM OF THE 4TH
Kingston Iguanas batting - Pitching for Intercourse Amish : RHP Harry Robinson
Batting: LHB Henry Durham 0-0: Foul Ball, location: 2F
0-1: Ball
1-1: Foul Ball, location: 2F
1-2: DOUBLE (Line Drive, 7LD)
Batting: RHB Manuel Gómez 0-0: Called Strike
0-1: Ball
1-1: Called Strike
1-2: SINGLE (Groundball, 34D)
Henry Durham to third
Batting: RHB Sergio Mata 0-0: Ball
1-0: Called Strike
1-1: Foul Ball, location: 2F
1-2: Strikes out looking
Batting: RHB Cristián López 0-0: Fly out, F7 (Flyball, 7LS)
Batting: RHB Argan Kamuliva 0-0: Called Strike
0-1: Ball
1-1: Swinging Strike
1-2: Foul Ball, location: 2F
1-2: Foul Ball, location: 2F
1-2: Strikes out looking
Bottom of the 4th over - 0 runs, 2 hits, 0 errors, 2 left on base; Intercourse 1 - Kingston 2
TOP OF THE 5TH
Intercourse Amish batting - Pitching for Kingston Iguanas : RHP Josh Young
Batting: SHB Conan Hanson 0-0: Called Strike
0-1: Ball
1-1: Ground out U3 (Groundball, 3)
Batting: LHB Carlos De La Rosa 0-0: Ball
1-0: Ball
2-0: Called Strike
2-1: Ball
3-1: Foul Ball, location: 2F
3-2: SINGLE (Groundball, 56S) (infield hit)
Batting: RHB Juan Ortega 0-0: Ball
1-0: Ball
2-0: Foul Ball, location: 2F
2-1: Foul Ball, location: 2F
2-2: Foul Ball, location: 2F
2-2: Ball
3-2: Grounds into double play, 5-4-3 (Groundball, 56)
Top of the 5th over - 0 runs, 1 hit, 0 errors, 0 left on base; Intercourse 1 - Kingston 2
BOTTOM OF THE 5TH
Kingston Iguanas batting - Pitching for Intercourse Amish : RHP Harry Robinson
Batting: RHB Bob Lee 0-0: Called Strike
0-1: Foul Ball, location: 2F
0-2: Foul Ball, location: 2F
0-2: Hit by Pitch
Batting: LHB Gustavo Gómez 0-0: Called Strike
0-1: Ball
1-1: Ball
2-1: Ball
3-1: Fly out, F8 (Flyball, 8LM)
Batting: LHB Jon Quinn 0-0: Ball
1-0: Swinging Strike
1-1: Ball
2-1: Foul Ball, location: 2F
2-2: Hit by Pitch
Bob Lee to second
Batting: RHB Matt Rodríguez 0-0: Swinging Strike
0-1: Swinging Strike
0-2: Foul Ball, location: 2F
0-2: Foul Ball, location: 2F
0-2: Strikes out swinging
Batting: LHB Henry Durham 0-0: DOUBLE (Flyball, 8RXD)
Bob Lee scores
Jon Quinn to third
Batting: RHB Manuel Gómez 0-0: Called Strike
0-1: Ground out 4-3 (Groundball, 4)
Bottom of the 5th over - 1 run, 1 hit, 0 errors, 2 left on base; Intercourse 1 - Kingston 3
TOP OF THE 6TH
Intercourse Amish batting - Pitching for Kingston Iguanas : RHP Josh Young
Batting: RHB Curt Wagner 0-0: Ball
1-0: Ball
2-0: Called Strike
2-1: Swinging Strike
2-2: Foul Ball, location: 2F
2-2: Ball
3-2: Base on Balls
Batting: LHB Jesús Raugel 0-0: Called Strike
0-1: Swinging Strike
0-2: Foul Ball, location: 2F
0-2: Foul Ball, location: 2F
0-2: Fly out, F5 (Popup, 5SF)
Batting: RHB Holden Davis 0-0: Ball
1-0: Fly out, F5 (Popup, 5S)
Batting: RHB Júlio Serra 0-0: Called Strike
0-1: Foul Ball, location: 2F
0-2: Fielders Choice at 2nd, 6-4 (Groundball, 56)
Top of the 6th over - 0 runs, 0 hits, 0 errors, 1 left on base; Intercourse 1 - Kingston 3
BOTTOM OF THE 6TH
Kingston Iguanas batting - Pitching for Intercourse Amish : RHP Harry Robinson
Pitching: RHP Colin Younger
Batting: RHB Sergio Mata 0-0: Ball
1-0: Ball
2-0: Called Strike
2-1: Fly out, F2 (Popup, 23F)
Batting: RHB Cristián López 0-0: Called Strike
0-1: Hit by Pitch
Batting: RHB Argan Kamuliva 0-0: SINGLE (Groundball, 56D)
Cristián López to second
Batting: RHB Bob Lee 0-0: Ball
1-0: Foul Ball, location: 2F
1-1: Foul Ball, location: 2F
1-2: Strikes out swinging
Batting: LHB Gustavo Gómez 0-0: Ball
1-0: Foul Ball, location: 2F
1-1: Fielders Choice at 2nd, 5-4 (Groundball, 56)
Bottom of the 6th over - 0 runs, 1 hit, 0 errors, 2 left on base; Intercourse 1 - Kingston 3
TOP OF THE 7TH
Intercourse Amish batting - Pitching for Kingston Iguanas : RHP Josh Young
Pitching: RHP Guo-fang Juan
Batting: LHB Bruce Foster 0-0: Ball
1-0: Ground out 3-1 (Groundball, 23)
Batting: RHB Frank Maxwell 0-0: Foul Ball, location: 2F
0-1: Ball
1-1: Foul Ball, location: 2F
1-2: Foul Ball, location: 2F
1-2: Ball
2-2: Foul Ball, location: 2F
2-2: Strikes out swinging
Batting: SHB Conan Hanson 0-0: Called Strike
0-1: Ball
1-1: Foul Ball, location: 2F
1-2: Foul Ball, location: 2F
1-2: Ball
2-2: Ball
3-2: Ground out 6-3 (Groundball, 56)
Top of the 7th over - 0 runs, 0 hits, 0 errors, 0 left on base; Intercourse 1 - Kingston 3
BOTTOM OF THE 7TH
Kingston Iguanas batting - Pitching for Intercourse Amish : RHP Colin Younger
Pitching: LHP Kelly Shaw
Batting: LHB Jon Quinn 0-0: Called Strike
0-1: Ball
1-1: SINGLE (Flyball, 89S)
Pitching: RHP António Castaneda
Batting: RHB Matt Rodríguez 0-0: Ball
1-0: Foul Ball, location: 2F
1-1: DOUBLE (Groundball, 3L)
Jon Quinn to third
Batting: LHB Henry Durham 0-0: Intentional Walk
Batting: RHB Manuel Gómez 0-0: Foul Ball, location: 2F
0-1: Ball
1-1: Ball
2-1: Swinging Strike
2-2: Strikes out swinging
Batting: RHB Sergio Mata 0-0: Swinging Strike
0-1: Foul Ball, location: 2F
0-2: Grounds into fielders choice 6-2 (Groundball, 6)
Matt Rodríguez to third
Henry Durham to second
Batting: RHB Cristián López 0-0: Called Strike
0-1: Ground out 4-3 (Groundball, 4)
Bottom of the 7th over - 0 runs, 2 hits, 0 errors, 3 left on base; Intercourse 1 - Kingston 3
TOP OF THE 8TH
Intercourse Amish batting - Pitching for Kingston Iguanas : RHP Guo-fang Juan
Pitching: LHP Jeff Minnich
Batting: LHB Carlos De La Rosa 0-0: Called Strike
0-1: SOLO HOME RUN (Flyball, 9D), Distance : 359 ft
Pitching: RHP Anastasio Cervantes
Batting: RHB Juan Ortega 0-0: Called Strike
0-1: Ball
1-1: Ball
2-1: Ball
3-1: Foul Ball, location: 2F
3-2: Strikes out swinging
Batting: RHB Curt Wagner 0-0: Called Strike
0-1: SINGLE (Groundball, 56S) (infield hit)
Batting: LHB Jesús Raugel 0-0: SINGLE (Flyball, 78S)
Curt Wagner to second
Batting: RHB Holden Davis 0-0: Sac Bunt - play at first, batter OUT! 5-4
Curt Wagner to third
Jesús Raugel to second
Batting: RHB Júlio Serra 0-0: Called Strike
0-1: Ball
1-1: SINGLE (Line Drive, 8LS)
Curt Wagner scores
Jesús Raugel to third
Runner from 3rd tries for Home, SAFE, no throw
Batting: LHB Bruce Foster 0-0: Ball
Júlio Serra is caught stealing 2nd base
Top of the 8th over - 3 runs, 4 hits, 0 errors, 0 left on base; Intercourse 4 - Kingston 3
BOTTOM OF THE 8TH
Kingston Iguanas batting - Pitching for Intercourse Amish : RHP António Castaneda
Now at C: Roberto Solís
Batting: RHB Argan Kamuliva 0-0: Ball
1-0: Called Strike
1-1: SINGLE (Groundball, 6D)
Batting: RHB Bob Lee 0-0: Ball
1-0: Ball
2-0: Sac Bunt - play at first, batter OUT! 1-4
Argan Kamuliva to second
Pitching: RHP José Gonzáles
Batting: LHB Gustavo Gómez 0-0: Called Strike
0-1: Ball
1-1: Ball
2-1: Swinging Strike
2-2: Fly out, F9 (Flyball, 9S)
Batting: LHB Jon Quinn 0-0: Foul Ball, location: 2F
0-1: Swinging Strike
0-2: Foul Ball, location: 2F
0-2: Ball
1-2: Ball
2-2: Ball
Wild Pitch!
Argan Kamuliva to third
3-2: Base on Balls
Batting: RHB Matt Rodríguez 0-0: Fly out, F9 (Flyball, 89M)
Bottom of the 8th over - 0 runs, 1 hit, 0 errors, 2 left on base; Intercourse 4 - Kingston 3
TOP OF THE 9TH
Intercourse Amish batting - Pitching for Kingston Iguanas : RHP Anastasio Cervantes
Batting: LHB Bruce Foster 0-0: Ball
1-0: Ball
2-0: Called Strike
2-1: Foul Ball, location: 2F
2-2: Foul Ball, location: 2F
2-2: Strikes out looking
Batting: RHB Frank Maxwell 0-0: Called Strike
0-1: Foul Ball, location: 2F
0-2: Strikes out swinging
Batting: SHB Conan Hanson 0-0: Foul Ball, location: 2F
0-1: Ball
1-1: Ball
2-1: Foul Ball, location: 2F
2-2: SINGLE (Groundball, 56) (infield hit)
Batting: LHB Carlos De La Rosa 0-0: Ball
1-0: Ball
2-0: Foul Ball, location: 2F
2-1: Called Strike
2-2: Foul Ball, location: 2F
2-2: Ball
3-2: Strikes out swinging
Top of the 9th over - 0 runs, 1 hit, 0 errors, 1 left on base; Intercourse 4 - Kingston 3
BOTTOM OF THE 9TH
Kingston Iguanas batting - Pitching for Intercourse Amish : RHP José Gonzáles
Pitching: RHP Will Brown
Batting: LHB Henry Durham 0-0: Ball
1-0: Called Strike
1-1: Called Strike
1-2: Ball
2-2: Ball
3-2: Base on Balls
Batting: RHB Manuel Gómez 0-0: Foul Ball, location: 2F
0-1: Ball
1-1: Ball
2-1: SINGLE (Groundball, 34D)
Henry Durham to second
Runner from 2nd tries for 3rd, SAFE, no throw
Batting: RHB Sergio Mata 0-0: Ball
1-0: Called Strike
1-1: Foul Ball, location: 2F
1-2: Reached on error, E1 (Groundball, 15S)
Henry Durham scores
Manuel Gómez to second
Pinch Hitting: RHB Andrés Bustamante 0-0: Ball
1-0: Called Strike
1-1: Called Strike
1-2: Ball
2-2: Strikes out swinging
Pinch Hitting: RHB Rubén Hernández 0-0: Ball
1-0: Ground out 5-3 (Groundball, 56S)
Manuel Gómez to third
Sergio Mata to second
Batting: RHB Bob Lee 0-0: Ball
1-0: Called Strike
1-1: SINGLE (Line Drive, 4M)
Manuel Gómez scores
Saturday, April 7th, 2018 - OOTP Baseball 18.8 Build 76